 Dungeon Crawl Stone Soup version 0.19.1 (webtiles) character file.

63 Host24 the Bolt Thrower (level 4, -7/28 HPs)
             Began as a Kobold Hunter on Jan 1, 2017.
             Mangled by Host24's ghost (15 damage)
             ... on level 3 of the Dungeon.
             The game lasted 00:02:36 (1397 turns).

Host24 the Bolt Thrower (Kobold Hunter)             Turns: 1397, Time: 00:02:36

Health: -7/28      AC:  4    Str:  9    XL:     4   Next: 30%
Magic:  4/4        EV: 15    Int: 12    God:
Gold:   39         SH:  0    Dex: 16    Spells: 0 memorised, 3 levels left

rFire  . . .     SeeInvis .     a - +1 hand crossbow
rCold  . . .     Gourm    .     c - +0 leather armour
rNeg   . . .     Faith    .     (shield restricted)
rPois  .         Spirit   .     (no helmet)
rElec  .         Reflect  .     n - +0 cloak
rCorr  .         Harm     .     (no gloves)
MR     .....                    (no boots)
Stlth  ++........               (no amulet)
                                (no ring)
                                (no ring)

@: no status effects
A: carnivore 3
a: no special abilities


You were on level 3 of the Dungeon.
You were very full.

You visited 1 branch of the dungeon, and saw 3 of its levels.

You collected 39 gold pieces.

Inventory:

Hand Weapons
 a - a +1 hand crossbow (weapon)
 b - a +0 short sword
Missiles
 d - 7 bolts (quivered)
 e - 41 stones
 j - 49 arrows
 x - 14 poisoned needles
Armour
 c - a +0 leather armour (worn)
 n - a +0 cloak (worn)
Jewellery
 m - an uncursed ring of poison resistance {unknown}
 w - an uncursed amulet of magic regeneration {unknown}
Scrolls
 g - 3 scrolls of teleportation {unknown}
 h - a scroll of remove curse {unknown}
 i - 2 scrolls of enchant armour {unknown}
 l - a scroll of noise {unknown}
 p - 2 scrolls of enchant weapon {unknown}
 q - a scroll of fear {unknown}
 r - a scroll of identify {unknown}
Potions
 k - a potion of might {unknown}
 o - a potion of ambrosia {unknown}
 s - 2 potions of heal wounds {unknown}
 t - a potion of cancellation {unknown}
 u - a potion of resistance {unknown}
Comestibles
 f - a meat ration
 v - a beef jerky


   Skills:
 - Level 3.0 Fighting
 + Level 5.8 Crossbows
 - Level 3.2 Dodging
 - Level 1.3 Stealth


You had 3 spell levels left.
You didn't know any spells.

Dungeon Overview and Level Annotations

Branches:
Dungeon (3/15)

Altars:
Ashenzari
Trog
Yredelemnul

Annotations:
D:3 Host24's ghost, amateur KoHu


Innate Abilities, Weirdness & Mutations

You are small and have problems with some larger weapons.
You are carnivorous and can eat meat at any time.


Message History

The bolt completely misses Host24's ghost.
Host24's ghost closely misses you.
Firing (i - inventory. (,) - cycle):
d - 10 bolts (quivered)
Press: ? - help, Shift-Dir - straight line, f/p - Host24's ghost
Aim: Host24's ghost (lightly damaged)
You shoot a bolt. The bolt barely misses Host24's ghost.
Host24's ghost barely misses you.
Firing (i - inventory. (,) - cycle):
d - 9 bolts (quivered)
Press: ? - help, Shift-Dir - straight line, f/p - Host24's ghost
Aim: Host24's ghost (lightly damaged)
You shoot a bolt. The bolt closely misses Host24's ghost.
Host24's ghost hits you!
* * * LOW HITPOINT WARNING * * *
Firing (i - inventory. (,) - cycle):
d - 8 bolts (quivered)
Press: ? - help, Shift-Dir - straight line, f/p - Host24's ghost
Aim: Host24's ghost (lightly damaged)
You shoot a bolt. The bolt closely misses Host24's ghost.
Host24's ghost closely misses you. Host24's ghost hits you!
Ouch! That really hurt!
You die...

...#.....(.(
..#.(......
#..........
#.#........
........
######.....
...(.....#
........W#
.......#@#
......##........
...... .........
..$.. ...#####..
.........#
......$..#
.........#
.......#


You could see Host24's ghost.

Vanquished Creatures
  Jessica (D:3)
  A dart slug (D:1)
  A worm (D:2)
  2 leopard geckos
  5 goblins
  3 hobgoblins (D:1)
  2 jackals (D:2)
  6 bats (D:1)
  2 frilled lizards
  6 kobolds
  4 rats
33 creatures vanquished.

Notes
Turn   | Place    | Note
-------+----------+-------------------------------------------
     0 | D:1      | Host24 the Kobold Hunter began the quest for the Orb.
     0 | D:1      | Reached XP level 1. HP: 12/12 MP: 1/1
   302 | D:1      | Reached XP level 2. HP: 18/18 MP: 2/2
   605 | D:1      | Reached XP level 3. HP: 19/23 MP: 3/3
   830 | D:2      | Reached skill level 5 in Crossbows
   986 | D:2      | Found a basalt altar of Yredelemnul.
  1020 | D:2      | Found a bloodstained altar of Trog.
  1201 | D:2      | Found a shattered altar of Ashenzari.
  1381 | D:3      | Noticed Jessica
  1383 | D:3      | Killed Jessica
  1383 | D:3      | Reached XP level 4. HP: 28/28 MP: 4/4
  1384 | D:3      | Noticed Host24's ghost (amateur KoHu)
  1397 | D:3      | Mangled by Host24's ghost

Skill      XL: |  1  2  3 |
---------------+----------+-----
Fighting       | 3 |  3.0
Dodging        | 3 |  3.2
Crossbows      | 5 |  5.8
Stealth        | |  1.3

Action                   |  1- 3 |  4- 6 || total
-------------------------+-------+-------++-------
Melee: Short sword       |    85 |       ||    85
 Fire: Hand crossbow     |     4 |    12 ||    16
 Stab: Sleeping          |     2 |       ||     2
  Eat: Chunk             |     9 |       ||     9
Armor: Leather armour    |    31 |     2 ||    33
Dodge: Dodged            |    67 |     5 ||    72
